 Dungeon Crawl Stone Soup version 0.20.1-1-g8b1a95d (webtiles) character file.

85 vatarom the Gusty (level 4, 0/30 HPs)
             Began as a Demonspawn Air Elementalist on Oct 13, 2017.
             Succumbed to Sigmund's poison
             ... on level 2 of the Dungeon.
             The game lasted 00:07:08 (3185 turns).

vatarom the Gusty (Demonspawn Air Elementalist)     Turns: 3185, Time: 00:07:10

Health: 0/30       AC:  6    Str:  8    XL:     4   Next: 25%
Magic:  3/7        EV: 12    Int: 18    God:
Gold:   51         SH:  0    Dex: 13    Spells: 2/8 levels left

rFire    + . .     SeeInvis .   d - -1 rapier (curse)
rCold    + . .     Gourm    .   (no shield)
rNeg     . . .     Faith    .   a - +0 robe
rPois    +         Spirit   .   (no helmet)
rElec    +         Reflect  .   (no cloak)
rCorr    +         Harm     .   (no gloves)
MR       +....                  (no boots)
Stlth    ++........             (no amulet)
Regen    0.1/turn               i - ring of protection from magic
MPRegen  0.1/turn               f - ring of wizardry

@: lethally poisoned (0 -> -12), resistant
A: claws 1, iridescent scales 2
a: no special abilities


You were on level 2 of the Dungeon.
You were not hungry.

You visited 1 branch of the dungeon, and saw 3 of its levels.

You collected 51 gold pieces.

Inventory:

Hand Weapons
 d - a cursed -1 rapier (weapon)
Armour
 a - a +0 robe (worn)
Jewellery
 f - a ring of wizardry (right claw)
 i - a ring of protection from magic (left claw)
Scrolls
 h - a scroll of enchant weapon
 k - a scroll of noise
Potions
 g - a potion of curing
Books
 b - a book of Air

   Spells                             Type                      Level
   a - Shock                          Conjuration/Air              1
   b - Swiftness                      Charms/Air                   2
   c - Static Discharge               Conjuration/Air              3
   d - Airstrike                      Air                          4
   e - Lightning Bolt                 Conjuration/Air              5
Comestibles
 c - a bread ration


   Skills:
 + Level 0.1 Short Blades
 + Level 2.1 Dodging
 + Level 2.1 Stealth
 + Level 2.5 Spellcasting
 + Level 1.8 Conjurations
 + Level 3.6 Air Magic


You had 2 spell levels left.
You knew the following spells:

 Your Spells              Type           Power        Failure   Level  Hunger
a - Shock                 Conj/Air       ##..         2%          1    #......
b - Swiftness             Chrm/Air       #.......     4%          2    ##.....
c - Static Discharge      Conj/Air       ##......     7%          3    ###....


Dungeon Overview and Level Annotations

Branches:
Dungeon (3/15)

Altars:

Annotations:
D:2 Sigmund


Innate Abilities, Weirdness & Mutations

You have sharp fingernails.
You are mostly covered in iridescent scales. (AC +4)


Message History

Confirm with . or Enter, or press ? or * to list all spells.
You don't have enough magic to cast that spell.
Unknown command.
As you read the scroll labeled MEFATY RO NANU, it crumbles to dust.
It is a scroll of identify.
k - a scroll of noise You feel sick.
Sigmund hits you with a scythe of venom!
* * * LOW HITPOINT WARNING * * *
Unknown command.
* * * LOW HITPOINT WARNING * * *
You feel sick.
* * * LOW HITPOINT WARNING * * *
You feel sick.
* * * LOW HITPOINT WARNING * * *
You feel sick. Sigmund closely misses you.
Unknown command.
* * * LOW HITPOINT WARNING * * *
You feel sick.
You die...

##.....##
#......#.# ##..
##...##
#..>...#.# #...
##'## #......#.#
#... #.#
#......#.# #...
#.# #......#.#
##.. ##.## #..
##...## #.#
#...).#########.#
#.#
##...@...@......#
#.#
##..############
#.. .....# ###
####.## #.# #. #.
#. # # #.# ##


You could see Sigmund.

Vanquished Creatures
  3 adders
  A dart slug (D:3)
  2 leopard geckos
  A giant cockroach (D:2)
  9 goblins
  4 hobgoblins
  2 jackals (D:1)
  10 kobolds
  3 quokkas (D:2)
  2 ball pythons
  8 bats
  3 frilled lizards
  2 rats
50 creatures vanquished.

Notes
Turn   | Place    | Note
-------+----------+-------------------------------------------
     0 | D:1      | vatarom the Demonspawn Air Elementalist began the quest for the Orb.
     0 | D:1      | Reached XP level 1. HP: 13/13 MP: 3/3
   440 | D:1      | Gained mutation: You are partially covered in iridescent scales. (AC +2) [demonic ancestry]
   440 | D:1      | Reached XP level 2. HP: 19/19 MP: 1/5
   542 | D:1      | Reached skill level 3 in Air Magic
  1029 | D:1      | Learned a level 2 spell: Swiftness
  1469 | D:1      | Gained mutation: You are mostly covered in iridescent scales. (AC +4) [demonic ancestry]
  1469 | D:1      | Reached XP level 3. HP: 24/24 MP: 3/6
  1474 | D:1      | Learned a level 3 spell: Static Discharge
  2308 | D:3      | Gained mutation: You have sharp fingernails. [demonic ancestry]
  2308 | D:3      | Reached XP level 4. HP: 28/30 MP: 1/7
  3173 | D:2      | Noticed Sigmund
  3184 | D:2      | HP: 1/30 [poisoned by Sigmund]
  3185 | D:2      | Succumbed to Sigmund's poison

Skill      XL: |  1  2 |
---------------+-------+-----
Air Magic      | 3 |  3.6
Dodging        | 2 |  2.1
Stealth        | 2 |  2.1
Short Blades   | |  0.1
Spellcasting   | |  2.5
Conjurations   | |  1.8

Action                   |  1- 3 |  4- 6 || total
-------------------------+-------+-------++-------
Melee: Unarmed           |     9 |       ||     9
       Dagger            |    13 |       ||    13
       Rapier            |     4 |    46 ||    50
 Cast: Shock             |    89 |    32 ||   121
       Static Discharge  |       |     4 ||     4
  Use: Scroll            |     3 |     1 ||     4
       Potion            |     2 |     1 ||     3
  Eat: Chunk             |     2 |       ||     2
       Bread ration      |     1 |     1 ||     2
Armor: Robe              |    22 |    21 ||    43
Dodge: Dodged            |    40 |    31 ||    71
